AoeStats
← zamithdaniel

Black Forest

509439198Analyzed
2v2 RM · 7d ago on Sep 26, 2026· 37m 1s· 4 players
Game mode
Random Map
Map size
Medium (4 player)
Population
200
Speed
Normal
Resources
Standard
Victory
Conquest
Starting age
Dark Age
Ending age
Imperial Age
RankedLock teamsTeams togetherTeam positionsShared explorationLock speedFull tech treeHidden civsTurbo modeCheats
Victory
Defeat
🇨🇴 Turks · Colombia
970
+13
🇨🇴 Japanese · Colombia
909
+15
🇩🇪 Franks · Germany
902
-14
🇩🇪 Celts · Germany
901
-14
Msay
0:37 Loom
12:27 Feudal Age
13:35 Horse Collar
14:05 Double-Bit Axe
21:28 Castle Age
19:29 Stone Mining
19:40 Gold Mining
20:06 Fletching
23:30 Bow Saw
24:16 Heavy Plow
24:53 Gold Shaft Mining
25:37 Wheelbarrow
30:10 Imperial Age
28:27 Bodkin Arrow
31:24 Hand Cart
30:54 Town Watch
32:19 Chemistry
32:19 Ballistics
31:24 Pikeman
31:49 Gambesons
34:10 Onager
35:40 Scale Mail Armor
35:51 Forging
Amir
0:35 Loom
14:33 Feudal Age
15:43 Double-Bit Axe
16:15 Gold Mining
17:17 Stone Mining
23:12 Castle Age
21:09 Fletching
21:29 Forging
21:20 Padded Archer Armor
23:20 Scale Barding Armor
23:15 Scale Mail Armor
23:49 Arson
23:25 Man-at-Arms
24:25 Bow Saw
24:55 Gold Shaft Mining
25:23 Pikeman
26:03 Squires
25:24 Long Swordsman
28:05 Gambesons
31:39 Masonry
31:32 Ordonnance Companies
32:54 Bodkin Arrow
33:20 Chain Barding Armor
36:18 Chain Mail Armor
36:19 Leather Archer Armor
Dovahkyn
5:04 Loom
13:17 Feudal Age
18:16 Castle Age
18:08 Double-Bit Axe
18:05 Horse Collar
21:39 Heavy Plow
24:22 Bow Saw
25:20 Forging
25:13 Scale Mail Armor
26:37 Iron Casting
26:50 Gold Mining
26:53 Stone Mining
29:22 Chain Mail Armor
29:54 Arson
30:34 Squires
35:27 Imperial Age
36:21 Elite Samurai
zamithdaniel
11:09 Feudal Age
19:46 Castle Age
18:03 Double-Bit Axe
18:26 Horse Collar
27:19 Gold Mining
27:29 Stone Mining
28:19 Heavy Plow
34:06 Imperial Age
32:41 Loom
33:31 Wheelbarrow
32:42 Town Watch
34:06 Padded Archer Armor
34:17 Forging
34:12 Scale Barding Armor
34:53 Gold Shaft Mining
34:42 Ballistics
34:33 Fortified Wall
35:15 Conscription
37:04 Leather Archer Armor
37:24 Iron Casting
37:10 Chain Barding Armor
37:19 Bow Saw
37:27 Hand Cart
36:36 Elite Janissary
Connection lost

Rejoining the realm…

Still unreachable

The connection could not be restored.

Session expired

The server has moved on; the page needs a fresh start.